TOP OF THE 1ST |
Lake Erie Arryns batting - Pitching for Caldwell Chiefs : LHP King Thompson
|
Pitching: LHP King Thompson
|
|
Batting: RHB Emory Frost
|
0-0: Ball 1-0: Fly out, F7 (Flyball, 7, EV 87.5 MPH)
|
Batting: RHB Roderick Shelton
|
0-0: Called Strike 0-1: Ball 1-1: Ball 2-1: SINGLE (Line Drive, 8RS, EV 95.0 MPH)
|
Batting: RHB Mike Brown
|
0-0: Called Strike 0-1: SINGLE (Groundball, 6, EV 95.0 MPH) Roderick Shelton to second
|
Batting: RHB Dale King
|
0-0: Fly out, F9 (Flyball, 89S, EV 93.8 MPH)
|
Batting: RHB Cory Poole
|
0-0: Ball 1-0: Called Strike 1-1: SINGLE (Groundball, 6MD, EV 103.8 MPH) Roderick Shelton to third Mike Brown to second
|
Batting: RHB José Villa
|
0-0: Fly out, F8 (Flyball, 78M, EV 91.2 MPH)
|
Top of the 1st over - 0 runs, 3 hits, 0 errors, 3 left on base; Lake Erie 0 - Caldwell 0 |
BOTTOM OF THE 1ST |
Caldwell Chiefs batting - Pitching for Lake Erie Arryns : LHP César Romero
|
Pitching: LHP César Romero
|
|
Batting: LHB Emílio Núñes
|
0-0: Ball 1-0: SINGLE (Line Drive, 56D, EV 96.9 MPH)
|
Batting: LHB John Sullivan
|
0-0: Ball 1-0: Called Strike 1-1: Swinging Strike 1-2: Ball 2-2: Strikes out swinging
|
Batting: RHB Dermott Colenutt
|
0-0: Ball 1-0: Fly out, F9 (Line Drive, 9S, EV 95.6 MPH)
|
Batting: RHB Steven Sas
|
0-0: Ball 1-0: Called Strike 1-1: DOUBLE (Line Drive, 89D, EV 106.2 MPH) Emílio Núñes to third Runner from 3rd tries for Home, SAFE, throw by RF to trailing runner, OUT at third! 9-3-5
|
Bottom of the 1st over - 1 run, 2 hits, 0 errors, 0 left on base; Lake Erie 0 - Caldwell 1 |
TOP OF THE 2ND |
Lake Erie Arryns batting - Pitching for Caldwell Chiefs : LHP King Thompson
|
Batting: RHB Paulaui Olakeakua
|
0-0: Ball 1-0: Swinging Strike 1-1: Ball 2-1: Called Strike 2-2: Foul Ball, location: 2F 2-2: Ball 3-2: Hit by Pitch
|
Batting: RHB Kauno Sihvonen
|
0-0: Ball 1-0: Fly out, F7 (Line Drive, 78M, EV 109.4 MPH)
|
Batting: RHB Eric Quick Jr.
|
0-0: Ball 1-0: Fielders Choice at 2nd, 6-4 (Groundball, 56, EV 78.1 MPH)
|
Batting: RHB Emory Frost
|
0-0: Called Strike 0-1: Fly out, F7 (Flyball, 78M, EV 85.6 MPH)
|
Top of the 2nd over - 0 runs, 0 hits, 0 errors, 1 left on base; Lake Erie 0 - Caldwell 1 |
BOTTOM OF THE 2ND |
Caldwell Chiefs batting - Pitching for Lake Erie Arryns : LHP César Romero
|
Batting: SHB Bryan Starling
|
0-0: Ground out 5-3 (Groundball, 5, EV 86.2 MPH)
|
Batting: RHB Marvin Dailey
|
0-0: Ball 1-0: Foul Ball, location: 2F 1-1: Ball 2-1: Called Strike 2-2: Foul Ball, location: 2F 2-2: Ball 3-2: Base on Balls
|
Batting: RHB Jesús Velásquez
|
0-0: Ball 1-0: Ball 2-0: Ball 3-0: Called Strike 3-1: SINGLE (Groundball, 6MD, EV 103.1 MPH) (infield hit) Marvin Dailey to second
|
Batting: RHB Jack Clark
|
0-0: Called Strike 0-1: Fly out, F2 (Popup, 23F, EV 90.6 MPH)
|
Batting: RHB Brad McGee
|
0-0: Foul Ball, location: 2F 0-1: Foul Ball, location: 2F 0-2: Strikes out swinging
|
Bottom of the 2nd over - 0 runs, 1 hit, 0 errors, 2 left on base; Lake Erie 0 - Caldwell 1 |
TOP OF THE 3RD |
Lake Erie Arryns batting - Pitching for Caldwell Chiefs : LHP King Thompson
|
Batting: RHB Roderick Shelton
|
0-0: Called Strike 0-1: Fly out, F7 (Line Drive, 7LM, EV 104.4 MPH)
|
Batting: RHB Mike Brown
|
0-0: Ball 1-0: Foul Ball, location: 2F 1-1: Foul Ball, location: 2F 1-2: Foul Ball, location: 2F 1-2: Ball 2-2: Strikes out swinging
|
Batting: RHB Dale King
|
0-0: Swinging Strike 0-1: Swinging Strike 0-2: Ball 1-2: Ball 2-2: Foul Ball, location: 2F 2-2: Strikes out swinging
|
Top of the 3rd over - 0 runs, 0 hits, 0 errors, 0 left on base; Lake Erie 0 - Caldwell 1 |
BOTTOM OF THE 3RD |
Caldwell Chiefs batting - Pitching for Lake Erie Arryns : LHP César Romero
|
Batting: LHB Emílio Núñes
|
0-0: Fly out, F7 (Flyball, 7LM, EV 87.5 MPH)
|
Batting: LHB John Sullivan
|
0-0: Ball 1-0: Swinging Strike 1-1: Ball 2-1: Foul Ball, location: 2F 2-2: Foul Ball, location: 2F 2-2: Foul Ball, location: 2F 2-2: Ball 3-2: Strikes out swinging
|
Batting: RHB Dermott Colenutt
|
0-0: Ball 1-0: DOUBLE (Flyball, 78XD, EV 109.4 MPH)
|
Batting: RHB Steven Sas
|
0-0: Called Strike 0-1: Ball 1-1: Swinging Strike 1-2: Foul Ball, location: 2F 1-2: Ball 2-2: Strikes out swinging
|
Bottom of the 3rd over - 0 runs, 1 hit, 0 errors, 1 left on base; Lake Erie 0 - Caldwell 1 |
TOP OF THE 4TH |
Lake Erie Arryns batting - Pitching for Caldwell Chiefs : LHP King Thompson
|
Batting: RHB Cory Poole
|
0-0: Called Strike 0-1: Foul Ball, location: 2F 0-2: Ball 1-2: Strikes out looking
|
Batting: RHB José Villa
|
0-0: Foul Ball, location: 2F 0-1: Fly out, F8 (Flyball, 8LM, EV 88.8 MPH)
|
Batting: RHB Paulaui Olakeakua
|
0-0: Called Strike 0-1: Ball 1-1: Called Strike 1-2: Foul Ball, location: 2F 1-2: Foul Ball, location: 2F 1-2: Reached via error on a dropped throw from 2B, E3 (Groundball, 4, EV 80.6 MPH)
|
Batting: RHB Kauno Sihvonen
|
0-0: Ball 1-0: Ball 2-0: Foul Ball, location: 2F 2-1: Ball 3-1: Swinging Strike 3-2: Base on Balls Paulaui Olakeakua to second
|
Batting: RHB Eric Quick Jr.
|
0-0: Ball 1-0: Swinging Strike 1-1: Ball 2-1: Fielders Choice at 2nd, 5-4 (Groundball, 56, EV 83.1 MPH)
|
Top of the 4th over - 0 runs, 0 hits, 1 error, 2 left on base; Lake Erie 0 - Caldwell 1 |
BOTTOM OF THE 4TH |
Caldwell Chiefs batting - Pitching for Lake Erie Arryns : LHP César Romero
|
Batting: SHB Bryan Starling
|
0-0: Called Strike 0-1: Ball 1-1: Foul Ball, location: 2F 1-2: Ball 2-2: Ground out 6-3 (Groundball, 6, EV 80.0 MPH)
|
Batting: RHB Marvin Dailey
|
0-0: Foul Ball, location: 2F 0-1: Called Strike 0-2: Foul Ball, location: 2F 0-2: Ball 1-2: Ball 2-2: Foul Ball, location: 2F 2-2: Ball 3-2: Strikes out swinging
|
Batting: RHB Jesús Velásquez
|
0-0: Ball 1-0: Ball 2-0: Fly out, F8 (Line Drive, 8LM, EV 86.2 MPH)
|
Bottom of the 4th over - 0 runs, 0 hits, 0 errors, 0 left on base; Lake Erie 0 - Caldwell 1 |
TOP OF THE 5TH |
Lake Erie Arryns batting - Pitching for Caldwell Chiefs : LHP King Thompson
|
Batting: RHB Emory Frost
|
0-0: Ball 1-0: Ball 2-0: Foul Ball, location: 2F 2-1: Foul Ball, location: 2F 2-2: SINGLE (Flyball, 34D, EV 100.6 MPH)
|
Batting: RHB Roderick Shelton
|
0-0: Sac Bunt to 13S - play at first, batter OUT! 1-3 Emory Frost to second
|
Batting: RHB Mike Brown
|
0-0: Foul Ball, location: 2F 0-1: Ball 1-1: Swinging Strike 1-2: Strikes out swinging
|
Batting: RHB Dale King
|
0-0: Called Strike 0-1: Called Strike 0-2: Strikes out looking
|
Top of the 5th over - 0 runs, 1 hit, 0 errors, 1 left on base; Lake Erie 0 - Caldwell 1 |
BOTTOM OF THE 5TH |
Caldwell Chiefs batting - Pitching for Lake Erie Arryns : LHP César Romero
|
Batting: RHB Jack Clark
|
0-0: Ball 1-0: Ground out 4-3 (Groundball, 34, EV 83.8 MPH)
|
Batting: RHB Brad McGee
|
0-0: Hit by Pitch
|
Batting: LHB Emílio Núñes
|
0-0: Foul Ball, location: 2F 0-1: Foul Ball, location: 2F 0-2: Ball 1-2: Strikes out swinging
|
Batting: LHB John Sullivan
|
0-0: Foul Ball, location: 2F 0-1: Ball 1-1: Swinging Strike 1-2: Ball 2-2: Foul Ball, location: 2F 2-2: Ball 3-2: Base on Balls Brad McGee to second
|
Batting: RHB Dermott Colenutt
|
0-0: Ball 1-0: Fly out, F8 (Line Drive, 89D, EV 96.9 MPH)
|
Bottom of the 5th over - 0 runs, 0 hits, 0 errors, 2 left on base; Lake Erie 0 - Caldwell 1 |
TOP OF THE 6TH |
Lake Erie Arryns batting - Pitching for Caldwell Chiefs : LHP King Thompson
|
Batting: RHB Cory Poole
|
0-0: Ball 1-0: Ball 2-0: Ball 3-0: Called Strike 3-1: Foul Ball, location: 2F 3-2: Ground out 5-3 (Groundball, 56, EV 108.1 MPH)
|
Batting: RHB José Villa
|
0-0: Ball 1-0: Called Strike 1-1: Foul Ball, location: 2F 1-2: Foul Ball, location: 2F 1-2: Strikes out swinging
|
Batting: RHB Paulaui Olakeakua
|
0-0: Ball 1-0: Ball 2-0: Ball 3-0: Called Strike 3-1: Called Strike 3-2: Foul Ball, location: 2F 3-2: Foul Ball, location: 2F 3-2: Ground out 5-3 (Groundball, 56, EV 79.4 MPH)
|
Top of the 6th over - 0 runs, 0 hits, 0 errors, 0 left on base; Lake Erie 0 - Caldwell 1 |
BOTTOM OF THE 6TH |
Caldwell Chiefs batting - Pitching for Lake Erie Arryns : LHP César Romero
|
Batting: RHB Steven Sas
|
0-0: SINGLE (Line Drive, 56, EV 96.9 MPH)
|
Batting: SHB Bryan Starling
|
0-0: Ball Steven Sas steals 2nd base 1-0: Ball 2-0: Ball 3-0: Called Strike 3-1: Base on Balls
|
Batting: RHB Marvin Dailey
|
0-0: Ball 1-0: Swinging Strike 1-1: Called Strike 1-2: Fly out, F9 (Flyball, 89M, EV 89.4 MPH)
|
Batting: RHB Jesús Velásquez
|
0-0: Ball 1-0: Called Strike 1-1: TRIPLE (Flyball, 89XD, EV 95.6 MPH) Steven Sas scores Bryan Starling scores
|
Batting: RHB Jack Clark
|
0-0: Foul Ball, location: 2F 0-1: Ground out 4-3 (Groundball, 4, EV 106.9 MPH) Jesús Velásquez scores
|
Batting: RHB Brad McGee
|
0-0: Swinging Strike 0-1: Ball 1-1: Foul Ball, location: 2F 1-2: Ball 2-2: Strikes out swinging
|
Bottom of the 6th over - 3 runs, 2 hits, 0 errors, 0 left on base; Lake Erie 0 - Caldwell 4 |
TOP OF THE 7TH |
Lake Erie Arryns batting - Pitching for Caldwell Chiefs : LHP King Thompson
|
Batting: RHB Kauno Sihvonen
|
0-0: Ball 1-0: Called Strike 1-1: Called Strike 1-2: Ball 2-2: Ground out 5-3 (Groundball, 5, EV 100.0 MPH)
|
Pitching: RHP Jon Ford
|
|
Batting: RHB Eric Quick Jr.
|
0-0: Ball 1-0: Swinging Strike 1-1: Ball 2-1: Ball 3-1: Base on Balls
|
Batting: RHB Emory Frost
|
0-0: Foul Ball, location: 2F 0-1: Called Strike 0-2: Ball 1-2: Fielders Choice at 2nd, 4-6 (Groundball, 4S, EV 85.6 MPH)
|
Batting: RHB Roderick Shelton
|
0-0: Foul Ball, location: 2F 0-1: Foul Ball, location: 2F 0-2: Ball 1-2: Strikes out swinging
|
Top of the 7th over - 0 runs, 0 hits, 0 errors, 1 left on base; Lake Erie 0 - Caldwell 4 |
BOTTOM OF THE 7TH |
Caldwell Chiefs batting - Pitching for Lake Erie Arryns : LHP César Romero
|
Pitching: LHP Rafael Villanueva
|
|
Batting: LHB Emílio Núñes
|
0-0: Called Strike 0-1: Ball 1-1: Swinging Strike 1-2: Ball 2-2: Ball 3-2: Base on Balls
|
Batting: LHB John Sullivan
|
0-0: Sac Bunt to 15 - play at first, batter safe! Emílio Núñes to second
|
Batting: RHB Dermott Colenutt
|
0-0: Called Strike 0-1: Fly out, F7 (Flyball, 7D, EV 90.6 MPH) Runner from 2nd tags up, SAFE at 3rd, no throw by LF
|
Batting: RHB Steven Sas
|
0-0: Ball 1-0: Foul Ball, location: 2F 1-1: Swinging Strike 1-2: Ball John Sullivan is caught stealing 2nd base 2-4 2-2: Hit by Pitch
|
Batting: SHB Bryan Starling
|
0-0: Fielders Choice at 2nd, 5-4 (Groundball, 56, EV 93.1 MPH)
|
Bottom of the 7th over - 0 runs, 1 hit, 0 errors, 2 left on base; Lake Erie 0 - Caldwell 4 |
TOP OF THE 8TH |
Lake Erie Arryns batting - Pitching for Caldwell Chiefs : RHP Jon Ford
|
Batting: RHB Mike Brown
|
0-0: Ball 1-0: Ball 2-0: Ball 3-0: Base on Balls
|
Batting: RHB Dale King
|
0-0: Swinging Strike 0-1: Ball 1-1: Ball 2-1: Ball 3-1: 2-RUN HOME RUN (Line Drive, 7LD, EV 98.1 MPH), Distance : 374 ft
|
Batting: RHB Cory Poole
|
0-0: Ball 1-0: Called Strike 1-1: Foul Ball, location: 2F 1-2: Ball 2-2: Ball 3-2: Strikes out looking
|
Batting: RHB José Villa
|
0-0: Called Strike 0-1: Foul Ball, location: 2F 0-2: Foul Ball, location: 2F 0-2: Foul Ball, location: 2F 0-2: Ground out 6-3 (Groundball, 6, EV 100.0 MPH)
|
Pinch Hitting: SHB Steven Dennis
|
0-0: Foul Ball, location: 2F 0-1: Ball 1-1: Ball 2-1: Foul Ball, location: 2F 2-2: Ball 3-2: Strikes out swinging
|
Top of the 8th over - 2 runs, 1 hit, 0 errors, 0 left on base; Lake Erie 2 - Caldwell 4 |
BOTTOM OF THE 8TH |
Caldwell Chiefs batting - Pitching for Lake Erie Arryns : LHP Rafael Villanueva
|
Now in CF: Robinson Barrios
|
|
Batting: RHB Marvin Dailey
|
0-0: Ball 1-0: Ball 2-0: Swinging Strike 2-1: Fly out, F9 (Line Drive, 9, EV 110.0 MPH)
|
Batting: RHB Jesús Velásquez
|
0-0: Fly out, F8 (Flyball, 89M, EV 93.1 MPH)
|
Batting: RHB Jack Clark
|
0-0: Ball 1-0: Called Strike 1-1: DOUBLE (Flyball, 8RXD, EV 102.5 MPH)
|
Batting: RHB Brad McGee
|
0-0: Ball 1-0: Foul Ball, location: 2F 1-1: Foul Ball, location: 2F 1-2: Ball 2-2: SINGLE (Line Drive, 56, EV 96.2 MPH) Jack Clark to third
|
Batting: LHB Emílio Núñes
|
0-0: Fly out, F7 (Line Drive, 7S, EV 93.8 MPH)
|
Bottom of the 8th over - 0 runs, 2 hits, 0 errors, 2 left on base; Lake Erie 2 - Caldwell 4 |
TOP OF THE 9TH |
Lake Erie Arryns batting - Pitching for Caldwell Chiefs : RHP Jon Ford
|
Pitching: LHP Lyndon Lerwill
|
|
Now in LF: Shawn Washington
|
|
Batting: RHB Kauno Sihvonen
|
0-0: Swinging Strike 0-1: Ball 1-1: Foul Ball, location: 2F 1-2: SINGLE (Line Drive, 4D, EV 97.5 MPH)
|
Batting: RHB Eric Quick Jr.
|
0-0: Ball 1-0: Swinging Strike 1-1: Ball 2-1: Ball 3-1: SINGLE (Groundball, 5D, EV 106.9 MPH) Kauno Sihvonen to second
|
Pinch Runner at 2nd César García:
|
|
Batting: RHB Emory Frost
|
0-0: Bunted foul 0-1: Sac Bunt to 3S - play at first, batter OUT! 3-4 César García to third Eric Quick Jr. to second
|
Batting: RHB Roderick Shelton
|
0-0: Fly out, F4 (Flyball, 4D, EV 92.5 MPH)
|
Batting: RHB Mike Brown
|
0-0: Called Strike 0-1: Ball 1-1: Ball 2-1: Foul Ball, location: 2F 2-2: DOUBLE (Flyball, 8LXD, EV 91.9 MPH) César García scores Eric Quick Jr. scores
|
Batting: RHB Dale King
|
0-0: Ball 1-0: Foul Ball, location: 2F 1-1: Swinging Strike 1-2: Ball 2-2: Foul Ball, location: 2F 2-2: Fly out, F8 (Flyball, 8RXD, EV 98.1 MPH)
|
Top of the 9th over - 2 runs, 3 hits, 0 errors, 1 left on base; Lake Erie 4 - Caldwell 4 |
BOTTOM OF THE 9TH |
Caldwell Chiefs batting - Pitching for Lake Erie Arryns : LHP Rafael Villanueva
|
Now in RF: Tony Jump
|
|
Batting: LHB John Sullivan
|
0-0: Foul Ball, location: 2F 0-1: Swinging Strike 0-2: Ball 1-2: Strikes out looking
|
Batting: RHB Dermott Colenutt
|
0-0: Called Strike 0-1: Ball 1-1: Called Strike 1-2: Strikes out looking
|
Batting: RHB Steven Sas
|
0-0: Called Strike 0-1: Fly out, F7 (Line Drive, 7S, EV 95.6 MPH)
|
Bottom of the 9th over - 0 runs, 0 hits, 0 errors, 0 left on base; Lake Erie 4 - Caldwell 4 |
TOP OF THE 10TH |
Lake Erie Arryns batting - Pitching for Caldwell Chiefs : LHP Lyndon Lerwill
|
Pitching: RHP Phil O'Donnell
|
|
Batting: RHB Cory Poole
|
0-0: DOUBLE (Line Drive, 89M, EV 96.9 MPH)
|
Batting: RHB José Villa
|
0-0: Called Strike 0-1: Fly out, F8 (Line Drive, 8RS, EV 93.8 MPH)
|
Batting: LHB Robinson Barrios
|
0-0: Called Strike 0-1: Foul Ball, location: 2F 0-2: Foul Ball, location: 2F 0-2: Strikes out swinging
|
Batting: LHB Tony Jump
|
0-0: Intentional Walk
|
Batting: RHB Eric Quick Jr.
|
0-0: Fly out, F9 (Flyball, 9S, EV 91.9 MPH)
|
Top of the 10th over - 0 runs, 1 hit, 0 errors, 2 left on base; Lake Erie 4 - Caldwell 4 |
BOTTOM OF THE 10TH |
Caldwell Chiefs batting - Pitching for Lake Erie Arryns : LHP Rafael Villanueva
|
Pitching: RHP John Terry
|
|
Batting: SHB Bryan Starling
|
0-0: Ball 1-0: Called Strike 1-1: Called Strike 1-2: Ball 2-2: Ball 3-2: Foul Ball, location: 2F 3-2: Strikes out swinging
|
Batting: LHB Bhu Layco
|
0-0: Called Strike 0-1: Swinging Strike 0-2: Strikes out looking
|
Batting: SHB Shawn Washington
|
0-0: Called Strike 0-1: Reached on error, E4 (Groundball, 34, EV 100.0 MPH)
|
Pinch Hitting: LHB John McCarthy
|
0-0: Swinging Strike 0-1: Called Strike 0-2: Ball 1-2: Fielders Choice at 2nd, U4 (Groundball, 4M, EV 85.6 MPH)
|
Bottom of the 10th over - 0 runs, 0 hits, 1 error, 1 left on base; Lake Erie 4 - Caldwell 4 |
TOP OF THE 11TH |
Lake Erie Arryns batting - Pitching for Caldwell Chiefs : RHP Phil O'Donnell
|
Now at 1B: Manuel Sabala
|
|
Batting: RHB Emory Frost
|
0-0: TRIPLE (Line Drive, 78XD, EV 99.4 MPH)
|
Batting: RHB Roderick Shelton
|
0-0: Bunted foul 0-1: Foul Ball, location: 2F 0-2: SINGLE (Groundball, 56, EV 95.6 MPH) Emory Frost scores
|
Batting: RHB Mike Brown
|
0-0: Fly out, F7 (Line Drive, 78M, EV 103.1 MPH)
|
Batting: RHB Dale King
|
0-0: Foul Ball, location: 2F 0-1: Foul Ball, location: 2F 0-2: Foul Ball, location: 2F 0-2: Foul Ball, location: 2F 0-2: Foul Ball, location: 2F 0-2: Ball 1-2: Foul Ball, location: 2F 1-2: Foul Ball, location: 2F 1-2: Foul Ball, location: 2F 1-2: Ball 2-2: Strikes out looking
|
Batting: RHB Cory Poole
|
0-0: Ball 1-0: Called Strike 1-1: Swinging Strike 1-2: Foul Ball, location: 2F 1-2: Strikes out looking
|
Top of the 11th over - 1 run, 2 hits, 0 errors, 1 left on base; Lake Erie 5 - Caldwell 4 |
BOTTOM OF THE 11TH |
Caldwell Chiefs batting - Pitching for Lake Erie Arryns : RHP John Terry
|
Batting: RHB Brad McGee
|
0-0: Foul Ball, location: 2F 0-1: Called Strike 0-2: Ball 1-2: Ball 2-2: Foul Ball, location: 2F 2-2: Foul Ball, location: 2F 2-2: Fly out, F7 (Flyball, 78D, EV 103.8 MPH)
|
Batting: LHB Emílio Núñes
|
0-0: Foul Ball, location: 2F 0-1: Ball 1-1: Foul Ball, location: 2F 1-2: Ball 2-2: Strikes out swinging, 2-3 out at first.
|
Batting: LHB John Sullivan
|
0-0: Foul Ball, location: 2F 0-1: Ball 1-1: Ground out U3 (Groundball, 3, EV 79.4 MPH)
|
Bottom of the 11th over - 0 runs, 0 hits, 0 errors, 0 left on base; Lake Erie 5 - Caldwell 4 |
|